 Dungeon Crawl Stone Soup version 0.22-a0-515-g75794bf (webtiles) character file.

64433 Amnesiac the Spry (level 14, -1/82 HPs)
             Began as a Spriggan Monk on June 19, 2018.
             Was a High Priest of Ru.
             Slain by an ice dragon (3 damage)
             ... on level 1 of the Depths.
             The game lasted 01:12:01 (18813 turns).

Amnesiac the Spry (Spriggan Monk)                  Turns: 18813, Time: 01:12:02

Health: -1/82      AC:  6    Str: 13    XL:     14   Next: 71%
Magic:  15/20      EV: 33    Int: 12    God:    Ru [*****.]
Gold:   732        SH:  7    Dex: 19    Spells: 13/13 levels left

rFire    + . .     SeeInvis +   a - +1 dagger (drain)
rCold    + . .     Gourm    .   Q - +1 buckler {rF+}
rNeg     + . .     Faith    +   O - +0 troll leather armour
rPois    .         Spirit   .   (helmet restricted)
rElec    .         Reflect  .   v - +1 cloak
rCorr    .         Harm     .   (gloves unavailable)
MR       ++...                  (boots unavailable)
Stlth    ++++......             z - amulet of faith
HPRegen  0.00/turn              s - ring of positive energy (curse)
MPRegen  0.17/turn              j - ring of protection from cold

@: exhausted, drained, very quick
A: very small, unfitting armour, see invisible, herbivore, speed 3, low mp 1,
inhibited regeneration, slow metabolism 2, strong 1, no air magic, no charms
magic, no transmutations magic, unskilled 1, inexperienced 1
a: Draw Out Power, Power Leap, Apocalypse, Renounce Religion


You were on level 1 of the Depths.
You worshipped Ru.
Ru was extremely pleased with you.
You were not hungry.

You visited 3 branches of the dungeon, and saw 17 of its levels.
You also visited: Labyrinth and Ossuary.

You collected 732 gold pieces.

Inventory:

Hand Weapons
 a - a +1 dagger of draining (weapon)
 b - a +1 dagger of speed
 B - the +3 mace "Jellybane" {crush, +Fly MR+ Int+3 Stlth+}
   (You found it on level 5 of the Dungeon)

   It inflicts extra damage upon your enemies.
   It affects your intelligence (+3).
   It affects your resistance to hostile enchantments.
   It lets you fly.
   It makes you more stealthy.
 U - a +6 blowgun
Missiles
 K - 59 poisoned needles
 V - 9 curare-tipped needles
Armour
 v - a +1 cloak (worn)
 H - a +2 animal skin
 O - a +0 troll leather armour (worn)
 Q - a +1 buckler of fire resistance (worn)
Jewellery
 d - an uncursed amulet of regeneration
 h - an uncursed ring of resist corrosion
 i - a +3 amulet of reflection
 j - a ring of protection from cold (right hand)
 r - a +4 ring of dexterity
 s - a cursed ring of positive energy (left hand)
 z - an amulet of faith (around neck)
 P - an uncursed ring of magical power
Wands
 o - a wand of acid (12)
 q - a wand of polymorph (36)
 A - a wand of scattershot (4)
 C - a wand of disintegration (24)
 D - a wand of clouds (7)
 F - a wand of enslavement (12)
 G - a wand of digging (7)
 S - a wand of iceblast (4)
Scrolls
 e - 2 scrolls of amnesia {!r}
 k - 3 scrolls of identify {!r}
 n - 2 scrolls of enchant armour {!r}
 w - a scroll of enchant weapon {!r}
 y - 5 scrolls of teleportation {!r}
 E - 3 scrolls of magic mapping {!r}
 I - 2 scrolls of remove curse {!r}
 L - 2 scrolls of blinking {!r}
 N - a scroll of summoning {!r}
 T - a scroll of fog {!r}
Potions
 f - 4 potions of might {!q}
 g - a potion of mutation {!q}
 l - 3 potions of curing {!q}
 m - 3 potions of agility {!q}
 p - 7 potions of flight {!q}
 t - 2 potions of cancellation {!q}
 u - 2 potions of brilliance {!q}
 x - a potion of ambrosia {!q}
 J - 3 potions of haste {!q}
 M - 2 potions of resistance {!q}
 R - a potion of lignification {!q, unknown}
Comestibles
 c - 20 rations


   Skills:
 - Level 13.0(12.4) Fighting
 - Level 10.0(9.4) Short Blades
 - Level 18.0(17.3) Dodging
 - Level 10.0(9.4) Stealth
 * Level 1.6(1.2) Shields
 - Level 10.0(9.5) Evocations


You had 13 spell levels left.
You didn't know any spells.
Your spell library contained the following spells:

 Spells                   Type           Power        Failure   Level  Hunger
 Fireball                 Conj/Fire      #.........   100%        5    ######.
 Lightning Bolt           Conj/Air       #.........   100%        5    ######.
 Bolt of Magma            Conj/Fire/Erth #.........   100%        5    ######.
 Summon Ice Beast         Ice/Summ       #.......     100%        4    #####..
 Iron Shot                Conj/Erth      #.........   100%        6    #######
 Shock                    Conj/Air       #...         54%         1    ##.....
 Swiftness                Chrm/Air       #.......     69%         2    ###....
 Statue Form              Tmut/Erth      #........    100%        6    #######
 Airstrike                Air            #.........   100%        4    #####..
 Shatter                  Erth           #.........   100%        9    #######
 Static Discharge         Conj/Air       #.......     89%         3    ####...
 Orb of Destruction       Conj           #.........   100%        7    #######
 Leda's Liquefaction      Hex/Erth       #.........   100%        4    #####..
 Dazzling Spray           Conj/Hex       #.....       89%         3    ####...


Dungeon Overview and Level Annotations

Branches:
Dungeon (15/15)            Temple (1/1) D:7            Lair (0/6) D:11
    Orc (0/2) D:9          Vaults (0/5) D:14         Depths (1/5) D:15

Altars:
Ashenzari
Cheibriados
Dithmenos
Elyvilon
Fedhas
Gozag
Hepliaklqana
Kikubaaqudgha
Makhleb
Nemelex Xobeh
Okawaru
Qazlal
Ru
Sif Muna
Trog
Uskayaw
Vehumet
Wu Jian
Xom
Yredelemnul
Zin
The Shining One

Shops:
D:11 *


Innate Abilities, Weirdness & Mutations

You are very small and have problems with some larger weapons.
You are too small for most types of armour.
You have supernaturally acute eyesight. (SInv)
You are a herbivore.
You cover ground extremely quickly.
You do not regenerate when monsters are visible.
You need to consume almost no food.
You cannot study or cast Air magic.
You cannot study or cast Charms magic.
You cannot study or cast Transmutations magic.
You are somewhat unskilled. (-1 Apt)
You are somewhat inexperienced. (-2 XL)
Your magical capacity is low. (-10% MP)
Your muscles are strong. (Str +2)


Message History

You hit the fire dragon but do no damage.
You drain the fire dragon!
The fire dragon is almost dead.
The fire dragon barely misses you.
The fire dragon completely misses you. x2
An ice dragon comes into view.
You hit the fire dragon but do no damage.
You drain the fire dragon!
You kill the fire dragon!
Base training target 18.0 for Dodging reached!
Your base Dodging skill increases to level 18!
You close the door.
You start resting.
HP restored.
You open the door.
You hit the ice dragon but do no damage.
You hit the ice dragon but do no damage.
The ice dragon completely misses you. The ice dragon claws you.
The ice dragon misses you.
You hit the ice dragon. You drain the ice dragon!
The ice dragon is lightly wounded.
You hit the ice dragon but do no damage.
You drain the ice dragon!
The ice dragon is lightly wounded.
You block the ice dragon's attack. The ice dragon claws you.
The ice dragon misses you.
You hit the ice dragon but do no damage.
The ice dragon is lightly wounded.
You hit the ice dragon but do no damage.
You drain the ice dragon!
The ice dragon is lightly wounded.
The ice dragon breathes frost at you. The blast of cold hits you!
You hit the ice dragon but do no damage.
The ice dragon is lightly wounded.
You hit the ice dragon but do no damage.
The ice dragon is lightly wounded.
You block the ice dragon's attack. The ice dragon barely misses you.
You block the ice dragon's attack.
Put on which piece of jewellery? (? for menu, Esc to quit)
You remove your +4 ring of dexterity.
You feel clumsy.
j - a ring of protection from cold (right hand)
The ice dragon breathes frost at you. The blast of cold hits you! You resist.
* * * LOW HITPOINT WARNING * * *
You hear a shout!
You hit the ice dragon but do no damage.
You drain the ice dragon!
The ice dragon is lightly wounded.
You completely miss the ice dragon.
The ice dragon is lightly wounded.
You block the ice dragon's attack. The ice dragon misses you.
The ice dragon completely misses you.
You barely miss the ice dragon.
The ice dragon is lightly wounded.
You block the ice dragon's attack. The ice dragon completely misses you.
You block the ice dragon's attack.
Aiming: Power Leap
Press: ? - help, Dir - move target cursor The stone giant throws a large rock.
The large rock hits you!!
* * * LOW HITPOINT WARNING * * *
The ice dragon bites you but does no damage.
You block the ice dragon's attack. The ice dragon tramples you.
You die...

## #. #. ####
#'###.######..####
#
##..'.........@D.)#
#
.......C......#####
##.....'..#....##
.#.......#...###
.C.'...#.'...'.
......####'####.
.....## ≈.≈ ..
......# 8... .
...## ≈..$..


You could see an ice dragon and a stone giant.

Vanquished Creatures
  Sojobo (Depths:1)
  2 tengu reavers (Depths:1)
  A fire giant (D:15)
  A stone giant (Depths:1)
  A minotaur (Lab)
  An ettin (Depths:1)
  A fire dragon (Depths:1)
  Erolcha (D:11)
  3 hydras
  A death knight (D:15)
  A vault guard (D:14)
  6 centaur warriors
  6 two-headed ogres
  A tengu warrior (D:13)
  A deep troll earth mage (Depths:1)
  A deep elf knight (D:14)
  3 skeletal warriors
  A death drake (shapeshifter) (D:14)
  3 unseen horrors
  2 wizards
  Pikel (D:5)
  A phantasmal warrior (D:15)
  A wolf spider zombie (D:10)
  3 necromancers (D:14)
  4 deep elf magi
  8 ugly things
  3 manticores
  A cyclops (D:15)
  Joseph (D:8)
  A centaur zombie (D:13)
  An elephant (D:11)
  A gargoyle (D:12)
  A komodo dragon (D:15)
  2 freezing wraiths
  A kobold demonologist (D:15)
  A yaktaur (Depths:1)
  5 trolls
  A queen bee (D:9)
  3 meliai (D:14)
  16 slime creatures
  6 hippogriffs
  17 flying skulls (D:13)
  A vampire (D:13)
  2 shadows
  7 yaks
  A wyvern (D:12)
  Eustachio (D:5)
  A wraith (D:12)
  20 humans
  Grum (D:8)
  4 hungry ghosts
  4 vampire mosquitoes (D:12)
  Edmund (D:7)
  Duvessa (D:5)
  Menkaure (D:6)
  2 black bears
  An ice beast (D:11)
  6 sky beasts
  An eye of draining (D:14)
  3 orc warriors
  4 slaves (D:5)
  6 phantoms
  8 ogres
  2 wolves (D:8)
  16 centaurs
  3 big kobolds
  2 crocodiles (D:11)
  An elf zombie (Ossuary)
  11 bullfrogs
  2 scorpions
  Dowan (D:6)
  29 killer bees
  A troll zombie (D:9)
  2 howler monkeys
  7 crimson imps
  2 jellies (D:12)
  3 bullfrog zombies
  A quasit (D:8)
  6 orc priests
  2 bullfrog skeletons
  Crazy Yiuf (D:5)
  2 hounds
  9 iguanas
  9 orc wizards
  A worker ant (shapeshifter) (D:15)
  13 worker ants
  A big kobold zombie (Ossuary)
  4 ogre zombies (D:9)
  A hound zombie (D:6)
  2 hound skeletons
  2 mummies (Ossuary)
  A worker ant zombie (D:6)
  10 adders
  3 shadow imps
  3 oozes
  An adder zombie (Ossuary)
  4 worms
  A dart slug (D:1)
  7 leopard geckos
  40 orcs
  5 giant cockroaches
  5 goblins
  3 hobgoblins
  4 jackals
  20 kobolds
  8 quokkas
  7 bats
  7 frilled lizards
  A goblin skeleton (D:9)
  5 goblin zombies
  A hobgoblin skeleton (D:9)
  10 hobgoblin zombies
  4 jackal zombies (Ossuary)
  13 kobold zombies (Ossuary)
  2 orc skeletons
  16 orc zombies
  4 rats
  A rat zombie (Ossuary)
  3 fungi (D:11)
  2 plants (D:11)
520 creatures vanquished.

Vanquished Creatures (others)
  A two-headed ogre (D:15)
  An unseen horror (D:10)
  A centaur zombie (D:12)
  A centaur (D:13)
  A bullfrog (D:6)
  A troll zombie (D:9)
  A bullfrog zombie (D:11)
7 creatures vanquished.

Grand Total: 527 creatures vanquished

Notes
Turn   | Place    | Note
-------+----------+-------------------------------------------
     0 | D:1      | Amnesiac the Spriggan Monk began the quest for the Orb.
     0 | D:1      | Reached XP level 1. HP: 11/11 MP: 2/2
   197 | D:2      | Found a faded altar of an unknown god.
   210 | D:2      | Became a worshipper of Ru the Awakened
   289 | D:2      | Gained mutation: You are somewhat unskilled. (-1 Apt) [Ru sacrifice]
   289 | D:2      | Reached * piety under Ru
   289 | D:2      | Reached ** piety under Ru
   370 | D:2      | Reached XP level 2. HP: 15/15 MP: 3/3
  1542 | D:3      | Reached XP level 3. HP: 18/18 MP: 4/4
  1766 | D:3      | Reached XP level 4. HP: 15/23 MP: 5/5
  2582 | D:4      | Noticed a centaur
  2602 | D:4      | Killed a centaur
  2602 | D:4      | Reached skill level 5 in Short Blades
  2602 | D:4      | Reached skill level 5 in Stealth
  2602 | D:4      | Reached XP level 5. HP: 15/26 MP: 6/6
  2606 | D:4      | Gained mutation: You are somewhat inexperienced. (-2 XL) [Ru sacrifice]
  2606 | D:4      | Reached XP level 4. HP: 16/23 MP: 5/5
  2606 | D:4      | Reached XP level 3. HP: 16/18 MP: 4/4
  2606 | D:4      | Reached *** piety under Ru
  2606 | D:4      | Reached **** piety under Ru
  2709 | D:4      | Reached XP level 4. HP: 16/23 MP: 5/5
  2897 | D:4      | Found a sand-covered staircase.
  2901 | Ossuary  | Entered an ossuary
  3365 | Ossuary  | Reached XP level 5. HP: 16/26 MP: 3/6
  3784 | D:4      | Reached XP level 6. HP: 30/30 MP: 7/7
  4052 | D:4      | Found a shadowy altar of Dithmenos.
  4208 | D:5      | Entered Level 5 of the Dungeon
  4398 | D:5      | Reached XP level 7. HP: 35/35 MP: 8/8
  4459 | D:5      | Gained mutation: You cannot study or cast Air magic. [Ru sacrifice]
  4459 | D:5      | Gained mutation: You cannot study or cast Transmutations magic. [Ru sacrifice]
  4459 | D:5      | Gained mutation: You cannot study or cast Charms magic. [Ru sacrifice]
  4459 | D:5      | Reached ***** piety under Ru
  4551 | D:5      | Noticed Eustachio
  4593 | D:5      | Killed Eustachio
  4820 | D:5      | Noticed Pikel
  4821 | D:5      | Killed Pikel
  4821 | D:5      | Reached XP level 8. HP: 39/39 MP: 9/9
  4940 | D:5      | Found an ancient bone altar of Kikubaaqudgha.
  5029 | D:5      | Reached skill level 1 in Evocations
  5167 | D:5      | Found a runed door.
  5171 | D:5      | Noticed Crazy Yiuf
  5172 | D:5      | Killed Crazy Yiuf
  5176 | D:5      | Got a fine mace
  5183 | D:5      | Identified the cursed +3 mace "Jellybane" {crush, +Fly MR+ Int+3 Stlth+} (You found it on level 5 of the Dungeon)
  5251 | D:6      | Noticed Dowan
  5252 | D:6      | Killed Dowan
  5253 | D:6      | Noticed Duvessa
  5337 | D:5      | Killed Duvessa
  5547 | D:6      | Found an ornate altar of the Wu Jian Council.
  5691 | D:6      | Reached skill level 5 in Dodging
  5891 | D:6      | Found an opulent altar of Gozag.
  5991 | D:6      | Noticed Menkaure
  5995 | D:6      | Killed Menkaure
  5995 | D:6      | Reached skill level 5 in Evocations
  5995 | D:6      | Reached XP level 9. HP: 19/44 MP: 13/13
  6012 | D:6      | HP: 1/44 [iguana (15)]
  6829 | D:7      | Found a staircase to the Ecumenical Temple.
  6922 | D:7      | Found a sparkling altar of Nemelex Xobeh.
  7002 | D:7      | Reached skill level 6 in Dodging
  7571 | D:8      | Noticed Grum
  7574 | D:8      | Killed Grum
  7574 | D:8      | Reached skill level 5 in Fighting
  7574 | D:8      | Reached skill level 7 in Dodging
  7982 | D:8      | Noticed Joseph
  8042 | D:8      | Killed Joseph
  8063 | D:8      | Noticed Edmund
  8150 | D:7      | Killed Edmund
  8150 | D:7      | Reached XP level 10. HP: 5/52 MP: 7/16
  8397 | Temple   | Entered the Ecumenical Temple
  8541 | D:8      | Found a radiant altar of Vehumet.
  8660 | D:8      | Got a smoking long sword
  8854 | D:9      | Found a staircase to the Orcish Mines.
  9189 | D:9      | Reached skill level 8 in Dodging
  9264 | D:9      | Noticed a two-headed ogre
  9274 | D:9      | Killed a two-headed ogre
  9274 | D:9      | Reached skill level 9 in Dodging
  9378 | D:9      | Found an iron altar of Okawaru.
  9472 | D:9      | Noticed a two-headed ogre
  9474 | D:9      | Killed a two-headed ogre
  9535 | D:9      | Reached XP level 11. HP: 36/58 MP: 11/18
  9605 | D:9      | Identified the +2 long sword "Killer Bee's Death" {pain, *Slow rN+ Dex+2} (You found it on level 8 of the Dungeon)
 10189 | D:9      | Found a stormy altar of Qazlal.
 10196 | D:9      | Found a snail-covered altar of Cheibriados.
 10314 | D:10     | Entered Level 10 of the Dungeon
 10627 | D:10     | Reached skill level 10 in Dodging
 10939 | D:10     | Noticed an unseen horror
 10962 | D:10     | Killed an unseen horror
 11364 | D:10     | Gained mutation: You are clumsy. (Dex -2) [potion of mutation]
 11364 | D:10     | Gained mutation: You are very clumsy. (Dex -4) [potion of mutation]
 11364 | D:10     | Gained mutation: You possess an exceptional clarity of mind. [potion of mutation]
 11398 | D:11     | Found Miytec's Demolitions Depot.
 11421 | D:11     | Got a shimmering war axe
 11449 | D:11     | Identified the +2 war axe "Cysmut" {chop, Int+2} (You found it on level 11 of the Dungeon)
 11494 | D:11     | Found a staircase to the Lair.
 11501 | D:11     | Reached skill level 10 in Short Blades
 11501 | D:11     | Reached skill level 10 in Stealth
 11791 | D:11     | Noticed an unseen horror
 11805 | D:11     | Killed an unseen horror
 11821 | D:11     | Found a hazy altar of Hepliaklqana.
 11823 | D:11     | Noticed Erolcha
 11831 | D:11     | Killed Erolcha
 12049 | D:11     | Noticed a four-headed hydra
 12076 | D:11     | Killed a four-headed hydra
 12076 | D:11     | Reached skill level 10 in Evocations
 12101 | D:12     | Noticed a green ugly thing
 12109 | D:12     | Noticed a brown ugly thing
 12124 | D:12     | Killed a green ugly thing
 12124 | D:12     | Reached XP level 12. HP: 33/65 MP: 16/20
 12323 | D:12     | Noticed a seven-headed hydra
 12324 | D:12     | Reached skill level 11 in Dodging
 12324 | D:12     | Killed a seven-headed hydra
 12343 | D:12     | Noticed a two-headed ogre
 12485 | D:12     | Killed a two-headed ogre
 12607 | D:12     | Noticed a centaur warrior
 12630 | D:12     | Killed a centaur warrior
 12694 | D:12     | Noticed a two-headed ogre
 12708 | D:12     | Killed a two-headed ogre
 12708 | D:12     | Reached skill level 12 in Dodging
 12819 | D:12     | Reached skill level 10 in Fighting
 13542 | D:13     | Noticed a centaur warrior
 13556 | D:13     | Noticed a centaur warrior
 13576 | D:13     | Killed a centaur warrior
 13581 | D:13     | Killed a centaur warrior
 13774 | D:13     | Reached skill level 13 in Dodging
 13775 | D:13     | Noticed a five-headed hydra
 13775 | D:13     | Reached XP level 13. HP: 74/74 MP: 12/21
 14203 | D:13     | Found the +3 giant club "Skullcrusher" {speed, Str+7}
 14878 | D:14     | Reached skill level 14 in Dodging
 14895 | D:14     | Gained mutation: You do not regenerate when monsters are visible. [Ru sacrifice]
 14972 | D:14     | Found a labyrinth entrance.
 15018 | Lab      | Entered a labyrinth
 16607 | Lab      | Noticed a minotaur
 16611 | Lab      | Killed a minotaur
 16615 | Lab      | Identified the Reference Book on Snow and Conjuration
 16616 | Lab      | Got an encrusted lajatang
 16617 | Lab      | Identified the +2 lajatang "Trog's Righteous Anger" {slice, rElec} (You found it in a labyrinth)
 16961 | D:14     | Found a gate to the Vaults.
 17325 | D:14     | Noticed Sonja
 17326 | D:14     | Noticed Sonja
 17326 | D:14     | Sonja changed into Sonja the eye of draining
 17351 | D:14     | Killed Sonja the eye of draining
 17370 | D:14     | Lost mutation: You are very clumsy. (Dex -4) [potion of mutation]
 17370 | D:14     | Lost mutation: You possess an exceptional clarity of mind. [potion of mutation]
 17370 | D:14     | Lost mutation: You are clumsy. (Dex -2) [potion of mutation]
 17370 | D:14     | Gained mutation: Your magical capacity is low. (-10% MP) [potion of mutation]
 17370 | D:14     | Gained mutation: Your muscles are strong. (Str +2) [potion of mutation]
 17484 | D:15     | Entered Level 15 of the Dungeon
 17620 | D:15     | Reached skill level 15 in Dodging
 17620 | D:15     | Reached XP level 14. HP: 81/81 MP: 20/20
 17825 | D:15     | Noticed a fire giant
 18166 | D:15     | Found a staircase to the Depths.
 18310 | D:15     | Killed a fire giant
 18310 | D:15     | Reached skill level 16 in Dodging
 18375 | Depths:1 | Entered Level 1 of the Depths
 18448 | Depths:1 | Noticed Sojobo
 18448 | Depths:1 | Noticed a tengu reaver
 18448 | Depths:1 | Noticed a tengu reaver
 18452 | Depths:1 | Killed a tengu reaver
 18459 | Depths:1 | Killed a tengu reaver
 18459 | Depths:1 | Reached skill level 17 in Dodging
 18473 | Depths:1 | Killed Sojobo
 18583 | Depths:1 | Noticed a stone giant
 18594 | Depths:1 | Killed a stone giant
 18594 | Depths:1 | Reached skill level 1 in Shields
 18628 | Depths:1 | Noticed a stone giant
 18785 | Depths:1 | Reached skill level 18 in Dodging
 18813 | Depths:1 | HP: 2/82 [stone giant/large rock (34)]
 18813 | Depths:1 | Slain by an ice dragon

Vault maps used:
D:1:      ncdulo_smallfort
D:2:      first_ration, chequers_ecumenical_altar_island
D:4:      grunt_dithmenos_shadows, enter_ossuary_5
D:5:      kennysheep_little_box, uniq_pikel, uniq_eustachio,
          uniq_crazy_yiuf_cottage
D:6:      nicolae_overflow_crystal_walls, grunt_gozag_breadcrumbs, uniq_edmund,
          uniq_duvessa, uniq_menkaure
D:7:      nemelex_xobeh_ov_fountains_minmay, minmay_temple_entry_overgrown,
          grunt_ogre_cave
D:8:      lemuel_doored_altar, uniq_joseph, uniq_grum
D:9:      okawaru_humans, amethyst_overflow_temple_binary, zombieorc1_lemuel,
          small_statue_intersection
D:10:     bh_walls_and_bars
D:11:     david_lair_generic, basic_altar, nicolae_blasting_shop, uniq_erolcha
D:13:     grunt_ministairs_11, minmay_guarded_unrand_skullcrusher
D:14:     grunt_vaults_entry_tiered, lab_entry_generic, uniq_sonja
D:15:     grunt_enter_depths_giant_problem, grunt_decor_arrowhead
Temple:   cyrus_circular_temple
Depths:1: enter_ziggurat_f, minmay_tree_intersection, grunt_metal_band,
          abyss_entry_crystal, kennysheep_small_square, grunt_megastairs_5,
          uniq_sojobo
Lab:      labyrinth_green
Ossuary:  ossuary_tomb_1

Skill      XL: |  1  2  3  4  5  6  7  8  9 10 11 12 13 14 |
---------------+-------------------------------------------+-----
Short Blades   | 4 6 7 9 10 | 10.0
Stealth        | 4 6 7 8 9 10 | 10.0
Evocations     | 5 7 8 10 | 10.0
Fighting       | 3 5 7 8 11 12 13 | 13.0
Dodging        | 5 7 9 10 13 15 18 | 18.0
Shields        | 1 |  1.6

Action                   |  1- 3 |  4- 6 |  7- 9 | 10-12 | 13-15 || total
-------------------------+-------+-------+-------+-------+-------++-------
Melee: Short sword       |   150 |   403 |   322 |       |       ||   875
       Dagger            |       |       |    90 |  1002 |   730 ||  1822
       Long sword        |       |       |       |    55 |       ||    55
       Lajatang          |       |       |       |       |    16 ||    16
Invok: Sacrifice Skill   |     1 |       |       |       |       ||     1
       Sacrifice Experie |     1 |       |       |       |       ||     1
       Power Leap        |       |     6 |    19 |    29 |     9 ||    63
       Sacrifice Arcana  |       |       |     1 |       |       ||     1
       Apocalypse        |       |       |     6 |    10 |     9 ||    25
       Reject Sacrifices |       |       |     1 |       |       ||     1
       Sacrifice Purity  |       |       |       |       |     1 ||     1
Evoke: Wand              |       |       |       |    10 |    22 ||    32
  Use: Scroll            |     3 |       |     2 |    14 |     3 ||    22
       Potion            |       |     1 |     1 |     5 |     7 ||    14
 Stab: Sleeping          |    11 |     9 |    12 |    18 |     6 ||    56
       Invisible         |       |     5 |     4 |     6 |     4 ||    19
       Distracted        |       |     3 |       |     8 |    12 ||    23
       Paralysed         |       |       |       |    10 |    12 ||    22
  Eat: Ration            |       |     1 |     2 |     7 |     2 ||    12
Armor: Robe              |    12 |    13 |    20 |       |       ||    45
       Animal skin       |       |       |     5 |    34 |       ||    39
       Troll leather arm |       |       |       |    25 |    30 ||    55
Dodge: Dodged            |   112 |   246 |   262 |   614 |   523 ||  1757
Block: Buckler           |       |       |       |       |    13 ||    13
       Rpst.: Long sword |       |       |       |    21 |       ||    21

Table legend:
 A = Spawn XP
 B = Non-spawn XP
 C = Spawn XP percentage of total XP
 D = Spawn monster count
 E = Non-spawn monster count
 F = Spawn count percentage of total count
 G = Total turns spent on level
                    A         B        C        D         E        F      G
               +---------+---------+-------+---------+---------+-------+---------
         Total |       0 |   92262 |   0.0 |       0 |     518 |   0.0 | 18813
               +---------+---------+-------+---------+---------+-------+---------
           D:1 |       0 |      28 |   0.0 |       0 |      16 |   0.0 |   967
           D:2 |       0 |      18 |   0.0 |       0 |       7 |   0.0 |   702
           D:3 |       0 |     152 |   0.0 |       0 |      28 |   0.0 |  1000
           D:4 |       0 |     367 |   0.0 |       0 |      17 |   0.0 |   997
           D:5 |       0 |    1675 |   0.0 |       0 |      22 |   0.0 |  1205
           D:6 |       0 |     827 |   0.0 |       0 |      22 |   0.0 |  1170
           D:7 |       0 |    1389 |   0.0 |       0 |      23 |   0.0 |  1336
           D:8 |       0 |    1178 |   0.0 |       0 |      14 |   0.0 |   772
           D:9 |       0 |    6516 |   0.0 |       0 |      79 |   0.0 |  1512
          D:10 |       0 |    3455 |   0.0 |       0 |      40 |   0.0 |  1079
          D:11 |       0 |    5304 |   0.0 |       0 |      25 |   0.0 |   991
          D:12 |       0 |    9958 |   0.0 |       0 |      44 |   0.0 |   956
          D:13 |       0 |   16051 |   0.0 |       0 |      55 |   0.0 |  1367
          D:14 |       0 |   13796 |   0.0 |       0 |      45 |   0.0 |  1218
          D:15 |       0 |   13641 |   0.0 |       0 |      29 |   0.0 |   849
      Depths:1 |       0 |   16449 |   0.0 |       0 |      12 |   0.0 |   438
           Lab |       0 |    1261 |   0.0 |       0 |       1 |   0.0 |  1601
       Ossuary |       0 |     197 |   0.0 |       0 |      39 |   0.0 |   590
               +---------+---------+-------+---------+---------+-------+---------
